AoeStats
← Infernika

Black Forest

503464455Analyzed
4v4 RM · 1mo ago on Aug 31, 2026· 44m 17s· 8 players
Game mode
Random Map
Map size
Large (8 player)
Population
200
Speed
Normal
Resources
Standard
Victory
Conquest
Starting age
Dark Age
Ending age
Imperial Age
RankedLock teamsTeams togetherTeam positionsShared explorationLock speedFull tech treeHidden civsTurbo modeCheats
Victory
Defeat
🇹🇷 Huns · Türkiye
1023
+16
🇷🇺 Goths · Russia
1004
+17
🇷🇴 Spanish · Romania
1000
+51
🇧🇪 Turks · Belgium
999
+17
🇬🇧 Franks · United Kingdom
1068
-50
🇬🇧 Turks · United Kingdom
1017
-17
🇬🇧 Teutons · United Kingdom
1017
-17
🇬🇧 Britons · United Kingdom
991
-15
Infernika
7:19 Loom
10:23 Feudal Age
10:48 Double-Bit Axe
11:11 Horse Collar
15:16 Fletching
15:26 Padded Archer Armor
15:26 Gold Mining
19:16 Castle Age
18:28 Stone Mining
20:13 Wheelbarrow
21:09 Bodkin Arrow
21:31 Leather Archer Armor
23:13 Town Watch
24:52 Bow Saw
28:15 Heavy Plow
29:37 Gold Shaft Mining
35:55 Imperial Age
34:24 Ballistics
34:16 Masonry
34:02 Murder Holes
35:33 Hand Cart
35:48 Town Patrol
36:18 Fortified Wall
37:01 Conscription
37:46 Artillery
39:06 Elite Janissary
41:08 Hoardings
42:30 Bracer
43:06 Ring Archer Armor
43:59 Bloodlines
43:49 Husbandry
Demonte
10:20 Feudal Age
12:39 Double-Bit Axe
12:34 Horse Collar
12:52 Stone Mining
12:52 Gold Mining
19:44 Wheelbarrow
22:02 Castle Age
20:10 Scale Barding Armor
20:18 Bloodlines
21:18 Forging
23:24 Bow Saw
23:17 Husbandry
23:39 Chain Barding Armor
23:54 Iron Casting
24:17 Marauders
25:39 Heavy Plow
26:21 Gold Shaft Mining
35:55 Imperial Age
33:42 Hand Cart
33:15 Town Watch
33:17 Loom
35:30 Light Cavalry
36:00 Elite Tarkan
37:06 Conscription
37:24 Plate Barding Armor
37:50 Blast Furnace
36:14 Hussar
38:00 Two-Man Saw
Adrianv96
11:50 Feudal Age
12:20 Loom
13:03 Horse Collar
13:56 Double-Bit Axe
17:44 Wheelbarrow
23:10 Castle Age
24:50 Heavy Plow
25:53 Pikeman
26:34 Squires
27:36 Hand Cart
29:30 Husbandry
30:08 Bow Saw
34:25 Imperial Age
35:14 Onager
42:13 Halberdier
43:07 Arrowslits
43:44 Ballistics
BDSM|POLSKA
0:31 Loom
13:42 Feudal Age
14:24 Double-Bit Axe
14:17 Man-at-Arms
17:43 Fletching
18:03 Forging
19:21 Horse Collar
24:42 Castle Age
25:51 Crossbowman
26:31 Bodkin Arrow
26:45 Heavy Plow
26:57 Bow Saw
28:54 Wheelbarrow
28:15 Stone Mining
28:19 Gold Mining
37:45 Imperial Age
40:43 Hand Cart
44:35 Two-Man Saw
The Mighty BM
9:27 Feudal Age
17:07 Castle Age
15:48 Wheelbarrow
21:18 Loom
23:29 Hand Cart
26:46 Scale Barding Armor
28:33 Husbandry
29:50 Chain Barding Armor
35:33 Loom
42:21 Imperial Age
42:29 Imperial Age
42:03 Forging
43:33 Cavalier
VeteranBluenose
13:28 Feudal Age
11:46 Loom
13:53 Loom
14:15 Double-Bit Axe
17:34 Castle Age
15:28 Horse Collar
15:48 Gold Mining
18:59 Wheelbarrow
21:19 Gold Shaft Mining
25:40 Stone Mining
27:15 Hand Cart
27:20 Bow Saw
30:49 Imperial Age
28:56 Caravan
31:11 Scale Barding Armor
31:18 Forging
31:25 Bloodlines
31:16 Husbandry
33:19 Padded Archer Armor
33:41 Chain Barding Armor
34:22 Artillery
36:11 Plate Barding Armor
36:12 Iron Casting
35:53 Leather Archer Armor
39:36 Heavy Plow
40:40 Two-Man Saw
Clockwork Geoff
0:38 Loom
10:41 Feudal Age
11:39 Double-Bit Axe
21:55 Castle Age
20:33 Fletching
21:17 Horse Collar
21:31 Gold Mining
23:17 Crossbowman
26:29 Wheelbarrow
30:12 Imperial Age
28:15 Bodkin Arrow
28:47 Bow Saw
29:33 Padded Archer Armor
31:24 Ballistics
32:07 Chemistry
32:01 Fortified Wall
33:07 Elite Longbowman
35:19 Bracer
35:32 Heavy Plow
36:13 Caravan
35:56 Pikeman
37:01 Hand Cart
36:39 Halberdier
39:22 Arbalester
Stu Popz
4:56 Loom
11:27 Feudal Age
16:15 Castle Age
14:09 Double-Bit Axe
15:34 Horse Collar
22:49 Scale Mail Armor
28:51 Scale Barding Armor
30:14 Bloodlines
32:23 Chain Barding Armor
34:43 Fletching
37:24 Wheelbarrow
43:32 Imperial Age
41:15 Forging
41:21 Chain Mail Armor
41:02 Bodkin Arrow
Connection lost

Rejoining the realm…

Still unreachable

The connection could not be restored.

Session expired

The server has moved on; the page needs a fresh start.